 Dungeon Crawl Stone Soup version 0.22-a0-422-g9628fc8 (webtiles) character file.

46 George the Slasher (level 3, 0/31 HPs)
             Began as a Minotaur Fighter on May 17, 2018.
             Succumbed to a killer bee's poison
             ... on level 2 of the Dungeon.
             The game lasted 00:00:54 (630 turns).

George the Slasher (Minotaur Fighter)                Turns: 630, Time: 00:00:55

Health: 0/31       AC:  6    Str: 21    XL:     3   Next: 44%
Magic:  2/2        EV:  7    Int:  5    God:
Gold:   62         SH:  9    Dex:  9    Spells: 2/2 levels left

rFire    . . .     SeeInvis .   a - +0 long sword
rCold    . . .     Gourm    .   c - +0 shield
rNeg     . . .     Faith    .   b - +0 scale mail
rPois    .         Spirit   .   (helmet restricted)
rElec    .         Reflect  .   (no cloak)
rCorr    .         Harm     .   (no gloves)
MR       .....                  (no boots)
Stlth    ..........             (no amulet)
HPRegen  0.10/turn              (no ring)
MPRegen  0.08/turn              (no ring)

@: lethally poisoned (0 -> -13)
A: retaliatory headbutt, horns 2
a: no special abilities


You were on level 2 of the Dungeon.
You were not hungry.

You visited 1 branch of the dungeon, and saw 2 of its levels.

You collected 62 gold pieces.

Inventory:

Hand Weapons
 a - a +0 long sword (weapon)
Armour
 b - a +0 scale mail (worn)
 c - a +0 shield (worn)
Scrolls
 e - 2 scrolls of identify {unknown}
 g - a scroll of fear {unknown}
 h - a scroll of random uselessness {unknown}
 j - a scroll of remove curse {unknown}
Potions
 d - a potion of might
 i - a potion of magic {unknown}
 k - a potion of ambrosia {unknown}
 l - a potion of curing {unknown}
Comestibles
 f - 2 rations


   Skills:
 - Level 3.6 Fighting
 + Level 4.7 Long Blades
 - Level 3.6 Armour
 - Level 3.6 Shields


You had 2 spell levels left.
You didn't know any spells.
Your spell library was empty.

Dungeon Overview and Level Annotations

Branches:
Dungeon (2/15)

Altars:


Innate Abilities, Weirdness & Mutations

You reflexively headbutt those who attack you in melee.
You have a pair of horns on your head.


Message History

You are too injured to fight recklessly!
You are too injured to fight recklessly!
You are too injured to fight recklessly!
You are too injured to fight recklessly!
You are too injured to fight recklessly!
You are too injured to fight recklessly!
You are too injured to fight recklessly!
You are too injured to fight recklessly!
You feel sick. You block the killer bee's attack.
You feel sick.
The killer bee buzzes angrily.
The killer bee stings you. The killer bee stings you.
* * * LOW HITPOINT WARNING * * *
You are lethally poisoned!
The killer bee poisons you!
* * * LOW HITPOINT WARNING * * *
You feel sick. The killer bee stings you.
* * * LOW HITPOINT WARNING * * *
You die...

.. .... . ..... .
.###..... (.
#........
...#####........
..............#
##.....#######
#....y############
+.....y.@........#
#.....y...######.#
#.........# #.##
#####.....# #..#
.# ........# ##.##
#.# ........#
####..###.#
.....#+###
#......##.# .....
#......##.# ...
#.........#


You could see 3 killer bees.

Vanquished Creatures
  An adder (D:2)
  A worm (D:2)
  2 dart slugs (D:1)
  2 leopard geckos (D:1)
  A giant cockroach (D:1)
  2 goblins
  2 hobgoblins (D:1)
  6 kobolds
  7 bats
  4 rats (D:1)
28 creatures vanquished.

Notes
Turn   | Place    | Note
-------+----------+-------------------------------------------
     0 | D:1      | George the Minotaur Fighter began the quest for the Orb.
     0 | D:1      | Reached XP level 1. HP: 19/19 MP: 0/0
    51 | D:1      | Reached skill level 3 in Long Blades
    71 | D:1      | Reached XP level 2. HP: 26/26 MP: 1/1
   318 | D:1      | Reached skill level 4 in Long Blades
   350 | D:1      | Reached XP level 3. HP: 29/31 MP: 2/2
   622 | D:2      | Noticed a killer bee
   622 | D:2      | Noticed a killer bee
   624 | D:2      | Noticed a killer bee
   629 | D:2      | HP: 1/31 [killer bee (6)]
   630 | D:2      | Succumbed to a killer bee's poison

Vault maps used:
D:1:      scummos_arrival_forest, serial_bayou_pond_d
D:2:      first_ration, uniq_jessica

Skill      XL: |  1  2 |
---------------+-------+-----
Long Blades    | 3 4 |  4.7
Fighting       | |  3.6
Armour         | |  3.6
Shields        | |  3.6

Action                   || total
-------------------------++-------
Melee: Long sword        ||    72
       Headbutt          ||     9
Armor: Scale mail        ||    40
Dodge: Dodged            ||    23
Block: Shield            ||    36
       Rpst.: Long sword ||     4

Table legend:
 A = Spawn XP
 B = Non-spawn XP
 C = Spawn XP percentage of total XP
 D = Spawn monster count
 E = Non-spawn monster count
 F = Spawn count percentage of total count
 G = Total turns spent on level
                    A         B        C        D         E        F      G
               +---------+---------+-------+---------+---------+-------+---------
         Total |       0 |      66 |   0.0 |       0 |      28 |   0.0 |   630
               +---------+---------+-------+---------+---------+-------+---------
           D:1 |       0 |      43 |   0.0 |       0 |      23 |   0.0 |   490
           D:2 |       0 |      23 |   0.0 |       0 |       5 |   0.0 |   140
               +---------+---------+-------+---------+---------+-------+---------
